 Dungeon Crawl Stone Soup version 0.21-a0-84-g85d6d27 (webtiles) character file.

90 SilverNite the Slasher (level 4, -1/40 HPs)
             Began as a Draconian Berserker on July 2, 2017.
             Was a Believer of Trog.
             Succumbed to an adder's poison
             ... on level 2 of the Dungeon.
             The game lasted 00:19:33 (1260 turns).

SilverNite the Slasher (Draconian Berserker)        Turns: 1260, Time: 00:19:34

Health: -1/40      AC:  6    Str: 20    XL:     4   Next: 32%
Magic:  4/4        EV: 13    Int:  8    God:    Trog [**....]
Gold:   57         SH:  0    Dex: 10    Spells: 3/3 levels left

rFire    . . .     SeeInvis .   n - +0 halberd
rCold    . . .     Gourm    .   (shield currently unavailable)
rNeg     . . .     Faith    .   (armour unavailable)
rPois    .         Spirit   .   (helmet restricted)
rElec    .         Reflect  .   (no cloak)
rCorr    .         Harm     .   i - +0 pair of gloves
MR       .....     Rnd*Tele +   (no boots)
Stlth    +.........             (no amulet)
HPRegen  0.13/turn              c - ring of flight {Keep Me}
MPRegen  0.09/turn              k - ring of teleportation (curse)

@: lethally poisoned (-1 -> -13)
A: unfitting armour, cold-blooded, AC +5
a: Berserk, Trog's Hand, Burn Spellbooks, Renounce Religion, Evoke Flight


You were on level 2 of the Dungeon.
You worshipped Trog.
Trog was pleased with you.
You were not hungry.

You visited 1 branch of the dungeon, and saw 2 of its levels.

You collected 57 gold pieces.

Inventory:

Hand Weapons
 a - a +0 falchion {Not a Reposte}
 d - a +0 dagger
 e - a +0 whip
 j - a +0 mace
 n - a +0 halberd (weapon)
Missiles
 g - 8 stones (quivered)
 o - 17 arrows
Armour
 i - a +0 pair of gloves (worn)
 l - a +0 ring mail
 m - a +0 robe
Jewellery
 c - a ring of flight (left hand) {Keep Me}
 k - a cursed ring of teleportation (right hand)
Potions
 p - a potion of haste {unknown}
Comestibles
 b - a bread ration
 f - a fruit
 h - 4 chunks of flesh


   Skills:
 + Level 3.8 Fighting
 + Level 4.0 Long Blades
 + Level 0.4 Maces & Flails
 + Level 0.2 Polearms
 + Level 3.3 Dodging
 + Level 0.6 Stealth


You had 3 spell levels left.
You didn't know any spells.

Dungeon Overview and Level Annotations

Branches:
Dungeon (2/15)

Altars:


Innate Abilities, Weirdness & Mutations

Your plain brown scales are hard. (AC +5)
You cannot fit into any form of body armour.
You are cold-blooded and may be slowed by cold attacks.


Message History

The adder is lightly wounded.
* * * LOW HITPOINT WARNING * * *
You feel sick. The adder bites you.
* * * LOW HITPOINT WARNING * * *
The adder bites you but does no damage.
You miss the adder.
Your tail-slap misses the adder.
The adder is lightly wounded.
* * * LOW HITPOINT WARNING * * *
You feel sick. The adder bites you.
* * * LOW HITPOINT WARNING * * *
You are more poisoned.
The adder poisons you! The adder closely misses you.
You closely miss the adder.
The adder is lightly wounded.
* * * LOW HITPOINT WARNING * * *
You feel sick. The adder bites you but does no damage.
The adder closely misses you.
You closely miss the adder.
Your tail-slap misses the adder.
The adder is lightly wounded.
You die...

..# .##.#
#.#.# .
#...#
..###...#
#....#.#
#.....#
##...#
#..S@#
#...##
#..!#
#...#
#...#
..$##
##..#
#..#


You could see an adder.

Vanquished Creatures
  4 gnolls (D:2)
  2 adders
  A leopard gecko (D:1)
  A ball python (D:1)
  3 giant cockroaches
  A goblin (D:1)
  5 hobgoblins
  7 kobolds
  2 bats (D:1)
  3 frilled lizards
  5 rats
34 creatures vanquished.

Notes
Turn   | Place    | Note
-------+----------+-------------------------------------------
     0 | D:1      | SilverNite the Draconian Berserker began the quest for the Orb.
     0 | D:1      | Reached XP level 1. HP: 19/19 MP: 1/1
   243 | D:1      | Reached XP level 2. HP: 20/26 MP: 2/2
   884 | D:1      | Reached XP level 3. HP: 30/31 MP: 3/3
   954 | D:2      | Reached ** piety under Trog
  1111 | D:2      | Reached skill level 4 in Long Blades
  1112 | D:2      | Reached XP level 4. HP: 40/40 MP: 4/4
  1258 | D:2      | HP: 2/40 [adder (2)]
  1260 | D:2      | Succumbed to an adder's poison

Vault maps used:
D:1:      dpeg_arrival_simpleton_c, grunt_decor_arrowhead
D:2:      first_bread, minivault_24, minmay_pentomino_u4, uniq_natasha,
          uniq_jessica

Skill      XL: |  1  2  3 |
---------------+----------+-----
Dodging        | 3 |  3.3
Long Blades    | 4 |  4.0
Fighting       | |  3.8
Maces & Flails | |  0.4
Polearms       | |  0.2
Stealth        | |  0.6

Action                   |  1- 3 |  4- 6 || total
-------------------------+-------+-------++-------
Melee: Falchion          |    56 |       ||    56
       Tailslap          |     8 |     2 ||    10
       Mace              |    37 |     4 ||    41
       Halberd           |       |    19 ||    19
Invok: Berserk           |     2 |       ||     2
       Burn Spellbooks   |     1 |       ||     1
  Use: Scroll            |     2 |       ||     2
       Potion            |     1 |       ||     1
  Eat: Fruit             |     1 |       ||     1
       Chunk             |     1 |     1 ||     2
Armor: Skin              |    38 |    11 ||    49
Dodge: Dodged            |    67 |    23 ||    90
       Rpst.: Falchion   |     8 |       ||     8
